 Dungeon Crawl Stone Soup version 0.28.0-47-ge53b351184 (webtiles) character file.

Game seed: 9089447614585364990

18 Descartes the Sneak (level 2, 0/14 HPs)
             Began as a Felid Delver on May 4, 2022.
             Slain by an orc
             ... wielding a +0 club
              (3 damage)
             ... on level 5 of the Dungeon.
             The game lasted 00:00:21 (187 turns).

Descartes the Sneak (Felid Delver)                   Turns: 187, Time: 00:00:22

Health: 0/14       AC:  1    Str:  8    XL:     2   Next: 48%
Magic:  3/3        EV: 18    Int: 11    God:
Gold:   16         SH:  0    Dex: 17    Spells: 1/1 levels left
                                        Lives:  0   Deaths: 0

rFire   . . .      SeeInvis +     - Unarmed
rCold   . . .      Faith    .   (shield unavailable)
rNeg    . . .      Spirit   .   (armour unavailable)
rPois   .          Reflect  .   (helmet unavailable)
rElec   .          Harm     .   (cloak unavailable)
rCorr   .          Rampage  .   (gloves unavailable)
Will    .....                   (boots unavailable)
Stlth   ++++......              (no amulet)
HPRegen 0.04/turn               (no ring)
MPRegen 0.08/turn               (no ring)

@: quick
A: very small, claws 1, fangs 3, see invisible, speed 1, shaggy fur 1, stealthy
paws, no weapons or thrown items, no armour, multi-lived
a: no special abilities


You were on level 5 of the Dungeon.
You visited 1 branch of the dungeon, and saw 2 of its levels.

You collected 16 gold pieces.

Inventory:

Wands
 e - a wand of digging (3)
Scrolls
 a - a scroll of fog
 b - a scroll of magic mapping
 c - a scroll of fear
Potions
 d - a potion of haste


   Skills:
 + Level 3.1 Fighting
 + Level 3.0 Dodging
 + Level 6.8 Stealth
 + Level 2.2 Unarmed Combat
 + Level 0.9 Evocations


You had one spell level left.
You didn't know any spells.
Your spell library was empty.

Dungeon Overview and Level Annotations

Branches:
Dungeon (5/15)
 Temple: D:4-7

Altars:


Innate Abilities, Weirdness & Mutations

You have sharp claws.
You have razor-sharp teeth.
You have supernaturally acute eyesight. (SInv)
You cover ground quickly. (Speed+)
You are covered in fur. (AC +1)
Your paws help you pounce on unaware monsters.
You are incapable of wielding weapons or throwing items.
You cannot wear armour.
You gain extra lives every three experience levels.


Message History

You scratch the orc.
The orc is moderately wounded.
The orc hits you with a +0 whip.
You scratch the orc.
The orc is severely wounded.
The orc closely misses you.
You scratch the orc.
You kill the orc!
No target in view!
An orc comes into view. It is wielding a +0 club.
An orc comes into view. It is wielding a +1 dagger of speed.
Things that are here:
a +0 whip; a +0 trident; an orc corpse The orc shouts!
You scratch the orc.
The orc is heavily wounded.
The orc closely misses you.
You barely miss the orc.
The orc is heavily wounded.
The orc misses you. The orc hits you with a +0 club.
The orc closely misses you.
You scratch the orc but do no damage.
The orc is heavily wounded.
The orc misses you. The orc completely misses you.
You barely miss the orc. The orc misses you.
You scratch the orc.
You kill the orc!
You closely miss the orc. Your bite misses the orc.
The orc is heavily wounded.
The orc hits you with a +0 club.
* * * LOW HITPOINT WARNING * * *
You barely miss the orc.
The orc is heavily wounded.
The orc barely misses you. The orc hits you with a +0 club.
* * * LOW HITPOINT WARNING * * *
You closely miss the orc.
The orc is heavily wounded.
The orc hits you with a +0 club.
You die...

.... . ...# . #.. #..# .
...# #..# .
#..#..#.######..#
.####..#..#.........#
..#.#..#..#### #)####
....#..#..#..#####.)..#.#
.<..#..#..#.....@o......#
.#..#......(#########.###
....#..##.#....... .#
..........#.###### #
.......####.# ###.##.#
#.# .....#.####.##
.....#.......#
.....#.#######


You could see an orc.

Vanquished Creatures
  A howler monkey skeleton (D:4)
  4 orcs (D:5)
5 creatures vanquished.

Notes
Turn   | Place    | Note
-------+----------+-------------------------------------------
     0 | D:5      | Descartes the Felid Delver began the quest for the Orb.
     0 | D:5      | Reached XP level 1. HP: 10/10 MP: 2/2
    37 | D:4      | Reached XP level 2. HP: 9/14 MP: 3/3
   187 | D:5      | Slain by an orc

Illustrated notes

Levels and vault maps discovered:
D:4:      layout_layer_cave, minmay_temple_entry_ruins, corexii_checkpoint_b
D:5:      layout_basic, uniq_crazy_yiuf_cottage

Skill      XL: |  1  2 |
---------------+-------+-----
Dodging        | 3 |  3.0
Fighting       | |  3.1
Stealth        | |  6.8
Unarmed Combat | |  2.2
Evocations     | |  0.9

Action                   || total
-------------------------++-------
Melee: Unarmed           ||    22
       Punch             ||     2
       Bite              ||     1
 Stab: Sleeping          ||     1
Dodge: Dodged            ||    14
